 Dungeon Crawl Stone Soup version 0.24-a0-201-gf205589 (webtiles) character file.

Game seed: 12411796531765718211

8381 Chronos the Covert (level 11, -11/56 HPs)
             Began as a Vine Stalker Assassin on Mar 25, 2019.
             Was an Elder of Dithmenos.
             Mangled by a seven-headed hydra (13 damage)
             ... on level 11 of the Dungeon on Mar 26, 2019.
             The game lasted 01:22:52 (11586 turns).

Chronos the Covert (Vine Stalker Assassin)         Turns: 11586, Time: 01:22:53

Health: -11/56     AC: 13    Str: 10 (13) XL:     11   Next: 30%
Magic:  0/15       EV: 17    Int: 11 (12) God:    Dithmenos [****..]
Gold:   263        SH:  0    Dex: 17 (19) Spells: 13/14 levels left

rFire    . . .     SeeInvis .   o - +4 dagger
rCold    . . .     Gourm    .   (no shield)
rNeg     + . .     Faith    .   c - +1 ring mail {rN+}
rPois    +         Spirit   +   h - +0 helmet
rElec    .         Reflect  .   E - +2 cloak {rPois}
rCorr    .         Harm     .   v - +0 pair of gloves
MR       +....                  (no boots)
Stlth    ++++++++..             K - amulet of guardian spirit
HPRegen  0.58/turn              y - ring of stealth
MPRegen  0.14/turn              G - +4 ring of evasion

@: wreathed by umbra
A: fangs 3, regeneration 1, magic shield, antimagic bite, no potion heal 3, rot
immunity
a: Shadow Step, Renounce Religion


You were on level 11 of the Dungeon.
You worshipped Dithmenos.
Dithmenos was greatly pleased with you.
You were not hungry.

You visited 2 branches of the dungeon, and saw 12 of its levels.
You also visited: Bailey.

You collected 526 gold pieces.
You spent 263 gold pieces at shops.

Inventory:

Hand Weapons
 b - a +0 blowgun
 o - a +4 dagger (weapon)
 I - a +0 shortbow
Missiles
 a - 77 bolts
 d - 2 needles of frenzy
 e - 23 poisoned needles
 f - 2 curare-tipped needles
 i - 219 stones
 p - 4 throwing nets (quivered)
 w - 7 tomahawks
 J - 193 arrows
Armour
 c - a +1 ring mail of positive energy (worn)
 h - a +0 helmet (worn)
 v - a +0 pair of gloves (worn)
 E - a +2 cloak of poison resistance (worn)
Jewellery
 y - a ring of stealth (left hand)
 F - an uncursed ring of wizardry
 G - a +4 ring of evasion (right hand)
 H - a +5 ring of strength
 K - an amulet of guardian spirit (around neck)
Wands
 t - a wand of disintegration (38)
 C - a wand of flame (40)
Scrolls
 j - a scroll of noise
 k - 3 scrolls of enchant armour
 m - 4 scrolls of identify
 q - 3 scrolls of remove curse
 x - 2 scrolls of immolation
 A - a scroll of fog
 B - a scroll of enchant weapon
 O - a scroll of fear
Potions
 l - 5 potions of curing
 n - a potion of heal wounds
 r - a potion of brilliance
Miscellaneous
 z - a lightning rod (4/4)
Comestibles
 g - 20 rations


   Skills:
 + Level 5.6 Fighting
 + Level 7.4 Short Blades
   Level 3.2 Maces & Flails
 + Level 0.1 Bows
 + Level 2.4 Throwing
 + Level 5.6 Armour
 + Level 5.4 Dodging
 + Level 11.9 Stealth
 + Level 2.2 Spellcasting
 - Level 2.3 Earth Magic
 * Level 1.7 Evocations


You had 13 spell levels left.
You knew the following spells:

 Your Spells              Type           Power        Failure   Level  Hunger
a - Sandblast             Erth           #.....       26%         1    ##.....

Your spell library contained the following spells:

 Spells                   Type           Power        Failure   Level  Hunger
 Passwall                 Tmut/Erth      #.......     54%         2    ###....
 Poisonous Vapours        Pois/Air       #.....       71%         2    ###....
 Stone Arrow              Conj/Erth      #.....       77%         3    ####...
 Conjure Flame            Conj/Fire      #.......     90%         3    ####...
 Mephitic Cloud           Conj/Pois/Air  #.......     90%         3    ####...
 Petrify                  Tmut/Erth      #.......     99%         4    #####..
 Lee's Rapid Deconstruct  Erth           #.........   100%        5    ######.
 Freezing Cloud           Conj/Ice/Air   #.........   100%        6    #######
 Ring of Flames           Chrm/Fire      #.........   100%        7    #######


Dungeon Overview and Level Annotations

Branches:
Dungeon (11/15)            Temple (1/1) D:5            Lair (0/6) D:9
    Orc (0/2) D:10

Altars:
Ashenzari
Cheibriados
Dithmenos
Elyvilon
Fedhas
Gozag
Hepliaklqana
Kikubaaqudgha
Makhleb
Nemelex Xobeh
Okawaru
Qazlal
Ru
Sif Muna
Trog
Uskayaw
Vehumet
Wu Jian
Xom
Yredelemnul
Zin
The Shining One

Shops:
D:6 :![   D:7 %   D:8 :

Annotations:
D:7 !ogre


Innate Abilities, Weirdness & Mutations

You have razor-sharp teeth.
Your natural rate of healing is unusually fast.
When hurt, damage is shared between your health and your magic reserves.
Your bite disrupts and absorbs the magic of your enemies.
Potions cannot restore your health.
You are immune to rotting.


Message History

The seven-headed hydra is lightly wounded.
You completely miss the seven-headed hydra.
Your bite misses the seven-headed hydra.
The seven-headed hydra is lightly wounded.
The seven-headed hydra bites you!
The seven-headed hydra bites you but does no damage.
The seven-headed hydra completely misses you.
The seven-headed hydra bites you! x2
The seven-headed hydra barely misses you.
The seven-headed hydra bites you!
* * * LOW HITPOINT WARNING * * *
The seven-headed hydra closely misses you.
The seven-headed hydra bites you.
* * * LOW HITPOINT WARNING * * *
The seven-headed hydra bites you!
* * * LOW HITPOINT WARNING * * *
The seven-headed hydra misses you. The seven-headed hydra bites you.
The seven-headed hydra completely misses you.
The seven-headed hydra bites you!
You die...

.......#### #..#
..........### ##.#
..........?.# #.##
...........%## #..#
.............# ##.####
.............##
#....####
..............#
##........
...........D..#
###..#####..
#...........@.###....##
#............##.......#
##.......$.##.....##..#
........#.....####..#
#...###..##### #### ###
###


You could see a seven-headed hydra.

Vanquished Creatures
  Harold (D:8)
  An unseen horror (D:10)
  An ugly thing (D:7)
  A kobold demonologist (D:10)
  2 trolls
  A hippogriff (D:10)
  4 yaks (D:10)
  A wyvern (D:9)
  A spriggan (D:7)
  3 wraiths (D:10)
  2 ice beasts
  2 sky beasts
  5 orc warriors
  A necrophage (D:9)
  3 black bears
  2 phantoms
  3 centaurs
  A big kobold (D:10)
  3 bullfrogs
  2 scorpions
  17 killer bees
  5 howler monkeys
  8 wights
  5 crimson imps
  2 bullfrog zombies
  4 hounds
  2 jellies
  2 centaur zombies
  4 orc priests
  2 bullfrog skeletons
  2 orc wizards
  4 iguanas
  6 worker ants
  Terence (D:3)
  2 hound zombies
  2 hound skeletons
  2 worker ant zombies (D:10)
  2 howler monkey skeletons
  10 adders
  3 shadow imps
  2 adder zombies
  An adder skeleton (D:9)
  2 dart slugs (D:1)
  5 leopard geckos
  51 orcs
  7 giant cockroaches
  10 goblins
  2 hobgoblins
  12 jackals
  6 kobolds
  A quokka (D:10)
  3 ball pythons
  12 bats
  6 frilled lizards
  A quokka skeleton (D:5)
  10 rats
256 creatures vanquished.

Vanquished Creatures (others)
  A gnoll (Bailey)
1 creature vanquished.

Grand Total: 257 creatures vanquished

Notes
Turn   | Place    | Note
-------+----------+-------------------------------------------
     0 | D:1      | Chronos the Vine Stalker Assassin began the quest for the
                  | Orb.
     0 | D:1      | Reached XP level 1. HP: 11/11 MP: 2/2
   100 | D:1      | Reached skill level 5 in Stealth
   109 | D:1      | Reached XP level 2. HP: 13/15 MP: 3/3
   426 | D:1      | Reached XP level 3. HP: 16/18 MP: 2/4
  1112 | D:2      | Reached skill level 1 in Dodging
  1653 | D:2      | Reached skill level 6 in Stealth
  1670 | D:2      | Gained mutation: Your natural rate of healing is unusually
                  | fast. [Vine Stalker growth]
  1670 | D:2      | Reached XP level 4. HP: 23/23 MP: 5/5
  2083 | D:3      | Noticed Terence
  2087 | D:3      | Reached XP level 5. HP: 27/27 MP: 6/6
  2099 | D:3      | Killed Terence
  2099 | D:3      | Reached skill level 7 in Stealth
  2734 | D:4      | Reached XP level 6. HP: 32/32 MP: 7/7
  2773 | D:4      | Reached skill level 1 in Armour
  2869 | D:4      | Found a hide-covered altar of Uskayaw.
  3397 | D:5      | Entered Level 5 of the Dungeon
  3455 | D:5      | Found a staircase to the Ecumenical Temple.
  3461 | Temple   | Entered the Ecumenical Temple
  3493 | Temple   | Became a worshipper of Dithmenos the Shadowed
  3748 | D:5      | Found a sacrificial altar of Ru.
  3870 | D:5      | Noticed a phantom
  3963 | D:5      | Killed a phantom
  3963 | D:5      | Reached skill level 1 in Maces & Flails
  3963 | D:5      | Reached XP level 7. HP: 35/35 MP: 8/8
  4136 | D:5      | Found a deep blue altar of Sif Muna.
  4410 | D:5      | Learned a level 1 spell: Sandblast
  4888 | D:6      | Found Jikofuem's Armour Boutique.
  4928 | D:6      | Bought a +2 cloak of poison resistance for 203 gold pieces
  4983 | D:6      | Found Xuvvim's Distillery.
  4986 | D:6      | Bought a potion of might for 60 gold pieces
  5095 | D:6      | Found Ateqicw's Book Shop.
  5120 | D:6      | Reached * piety under Dithmenos
  5120 | D:6      | Reached skill level 8 in Stealth
  5120 | D:6      | Gained mutation: You have razor-sharp teeth. [Vine Stalker
                  | growth]
  5120 | D:6      | Reached XP level 8. HP: 30/40 MP: 9/9
  5191 | D:6      | Found a blossoming altar of Fedhas.
  5428 | D:6      | Found a white marble altar of Elyvilon.
  5523 | D:6      | Found a hazy altar of Hepliaklqana.
  5562 | D:6      | Found a basalt altar of Yredelemnul.
  6166 | D:6      | Reached skill level 1 in Spellcasting
  6166 | D:6      | Reached skill level 1 in Earth Magic
  6256 | D:7      | Found Gyipibla's Food Shoppe.
  6284 | D:7      | Noticed a green ugly thing
  6319 | D:7      | Killed a green ugly thing
  6319 | D:7      | Reached skill level 9 in Stealth
  6319 | D:7      | Reached XP level 9. HP: 35/45 MP: 10/12
  6641 | D:8      | Noticed Harold
  6647 | D:8      | Killed Harold
  6647 | D:8      | Reached skill level 5 in Short Blades
  6647 | D:8      | Reached skill level 10 in Stealth
  6736 | D:8      | Found Yneur's Book Boutique.
  6762 | D:8      | Reached ** piety under Dithmenos
  6846 | D:8      | Reached XP level 10. HP: 51/51 MP: 13/13
  6947 | D:8      | Noticed a two-headed ogre
  7159 | D:8      | Found a white marble altar of Elyvilon.
  7448 | D:8      | Reached skill level 11 in Stealth
  7870 | D:7      | HP: 2/51 [two-headed ogre/+0 giant club (15)]
  8850 | D:9      | Reached skill level 5 in Armour
  8856 | D:9      | Found a sparkling altar of Nemelex Xobeh.
  8934 | D:9      | Found a flagged portal.
  8957 | Bailey   | Entered a bailey
  9027 | Bailey   | Found an iron altar of Okawaru.
  9027 | Bailey   | Noticed a kobold demonologist
  9027 | Bailey   | Noticed an orc sorcerer
  9248 | D:9      | Found a staircase to the Lair.
  9507 | D:9      | Found a stormy altar of Qazlal.
  9507 | D:9      | Found a radiant altar of Vehumet.
  9507 | D:9      | Found a snail-covered altar of Cheibriados.
  9529 | D:9      | Reached skill level 5 in Fighting
  9540 | D:9      | Found an iron altar of Okawaru.
  9569 | D:9      | Found a bloodstained altar of Trog.
  9760 | D:9      | Reached *** piety under Dithmenos
 10262 | D:10     | Entered Level 10 of the Dungeon
 10453 | D:10     | Reached skill level 5 in Dodging
 10467 | D:10     | Found a staircase to the Orcish Mines.
 10538 | D:10     | Reached XP level 11. HP: 56/56 MP: 15/15
 10690 | D:10     | Learned a level 2 spell: Poisonous Vapours
 10941 | D:10     | Reached **** piety under Dithmenos
 10966 | D:10     | Reached skill level 1 in Evocations
 11090 | D:10     | Killed an unseen horror
 11572 | D:11     | Noticed a seven-headed hydra
 11586 | D:11     | HP: 2/56 [seven-headed hydra (10)]
 11586 | D:11     | Mangled by a seven-headed hydra

Levels and vault maps discovered:
D:1:      ncdulo_halloftheorcs, layout_basic, st_stairs_8
D:2:      layout_loops_corners
D:3:      layout_loops_corners, first_ration, uniq_terence
D:4:      layout_basic, nicolae_overflow_crystal_walls
D:5:      layout_basic, lemuel_crystal_altar, lemuel_crystal_altar,
          minmay_temple_entry_ruins
D:6:      layout_basic, kennysheep_ying_yang, fedhas_altar_fruit_tree,
          lemuel_coloured_pillars_altar, serial_shops,
          nicolae_shop_behind_doors, shop, shop_statue, grunt_ministairs_10
D:7:      layout_rooms, serial_shops, shop_fountains, the_bakery
D:8:      layout_loops_corners, serial_shops, shop, elyvilon_altar_5,
          uniq_harold
D:9:      layout_cave_pods, trog_ov_bears_minmay, minitemple, lair_entry_dummy,
          enter_bailey_2, dk_noncrumbling_4
D:10:     layout_roguey, orc_0_dummy
D:11:     layout_cave_pods
Temple:   jpeg_temple_island
Bailey:   bailey_axe_of_yendor_kennysheep, bailey

Skill      XL: |  1  2  3  4  5  6  7  8  9 10 11 |
---------------+----------------------------------+-----
Fighting       | 2 3 4 5 |  5.6
Stealth        | 5 6 7 8 9 10 11 | 11.9
Dodging        | 1 2 3 4 5 |  5.4
Short Blades   | 2 4 5 6 7 |  7.4
Throwing       | 2 |  2.4
Armour         | 2 4 5 |  5.6
Maces & Flails | 1 3 |  3.2
Spellcasting   | 1 2 |  2.2
Earth Magic    | 1 2 |  2.3
Evocations     | 1 |  1.7
Bows           | |  0.1

Action                   |  1- 3 |  4- 6 |  7- 9 | 10-12 || total
-------------------------+-------+-------+-------+-------++-------
Melee: Dagger            |    74 |    47 |   152 |   548 ||   821
       Bite              |    13 |    58 |   102 |   170 ||   343
       Whip              |     4 |   147 |   124 |       ||   275
 Fire: Blowgun           |       |     3 |     5 |    13 ||    21
       Shortbow          |       |       |       |     4 ||     4
 Cast: Sandblast         |       |       |     5 |     7 ||    12
  Use: Scroll            |       |     6 |     8 |     4 ||    18
       Potion            |       |     5 |     2 |     5 ||    12
 Stab: Sleeping          |    11 |    11 |    19 |    21 ||    62
       Distracted        |       |       |     1 |     1 ||     2
  Eat: Chunk             |     2 |     8 |     9 |    13 ||    32
       Ration            |       |       |       |     1 ||     1
Armor: Robe              |    17 |     1 |       |       ||    18
       Ring mail         |       |    79 |    96 |   109 ||   284
       Skin              |       |       |       |    10 ||    10
Dodge: Dodged            |    49 |    88 |   161 |   405 ||   703

Table legend:
 A = Non-vault XP
 B = Vault XP
 C = Vault XP percentage of total XP
 D = Non-vault monster count
 E = Vault monster count
 F = Vault count percentage of total count
                 A         B        C        D         E       F
            +---------+---------+-------+---------+---------+-------
      Total |   10279 |    1695 |  14.2 |     238 |      18 |   7.0
            +---------+---------+-------+---------+---------+-------
        D:1 |      39 |       3 |   7.1 |      20 |       2 |   9.1
        D:2 |      54 |       0 |   0.0 |      12 |       0 |   0.0
        D:3 |      84 |      32 |  27.6 |      20 |       1 |   4.8
        D:4 |     208 |       0 |   0.0 |      10 |       0 |   0.0
        D:5 |     461 |       0 |   0.0 |      27 |       0 |   0.0
        D:6 |    1066 |      53 |   4.7 |      21 |       5 |  19.2
        D:7 |     925 |     211 |  18.6 |      14 |       1 |   6.7
        D:8 |    1620 |     992 |  38.0 |      41 |       1 |   2.4
        D:9 |    1893 |     394 |  17.2 |      33 |       3 |   8.3
       D:10 |    3869 |       0 |   0.0 |      38 |       0 |   0.0
       D:11 |      60 |       0 |   0.0 |       2 |       0 |   0.0
     Bailey |       0 |      10 | 100.0 |       0 |       5 | 100.0
            +---------+---------+-------+---------+---------+-------
